 Dungeon Crawl Stone Soup version 0.29.1-2-gbd0b4ee654 (webtiles) character file.

Game seed: 5573633638882206652

283 qeuew the Trooper (level 6, 0/55 HPs)
             Began as a Hill Orc Fighter on Nov 8, 2022.
             Killed from afar by a white imp (10 damage)
             ... with a puff of frost
             ... on level 5 of the Dungeon.
             The game lasted 00:06:07 (4415 turns).

qeuew the Trooper (Hill Orc Fighter)                Turns: 4415, Time: 00:06:08

Health: 0/55       AC:  7    Str: 21      XL:     6   Next: 28%
Magic:  6/6        EV: 10    Int:  6 (8)  God:
Gold:   221        SH:  0    Dex: 10      Spells: 5/5 levels left

rFire   . . .      SeeInvis .   a - +0 war axe
rCold   . . .      Faith    .   c - +1 buckler
rNeg    . . .      Spirit   .   b - +0 scale mail
rPois   .          Reflect  .   (no helmet)
rElec   .          Harm     .   (no cloak)
rCorr   .          Rampage  .   (no gloves)
Will    .....                   (no boots)
Stlth   ..........              (no amulet)
HPRegen 0.18/turn               (no ring)
MPRegen 0.10/turn               (no ring)

@: confused, ambrosia-drunk
A: no striking features
a: no special abilities


You were on level 5 of the Dungeon.
You visited 1 branch of the dungeon, and saw 5 of its levels.

You collected 325 gold pieces.
You spent 104 gold pieces at shops.

Inventory:

Hand Weapons
 a - a +0 war axe (weapon)
Armour
 b - a +0 scale mail (worn)
 c - a +1 buckler (worn)
Scrolls
 e - 2 scrolls of teleportation
 h - a scroll of enchant weapon
 k - a scroll of fear
Potions
 d - a potion of flight
 f - a potion of curing


   Skills:
 + Level 4.9 Fighting
 + Level 4.3 Axes
 + Level 4.4 Armour
 + Level 2.0 Dodging
 + Level 4.3 Shields


You had 5 spell levels left.
You didn't know any spells.
Your spell library contained the following spells:

 Spells                   Type           Power      Damage    Failure   Level
 Sandblast                Erth           0%         2d4       86%         1
 Passwall                 Tmut/Erth      0%         N/A       95%         2
 Stone Arrow              Conj/Erth      0%         3d7       99%         3


Dungeon Overview and Level Annotations

Branches:
Dungeon (5/15)
 Temple: D:4-7

Altars:
Ashenzari
Elyvilon
Kikubaaqudgha
Yredelemnul

Shops:
D:1 :   D:4 ?


Message History

You hit the iguana. You hit the white imp. You barely miss the adder.
You feel very sick. The adder bites you but does no damage.
The iguana bites you but does no damage.
The white imp hits you but does no damage.
The iguana bites you but does no damage.
The adder bites you but does no damage.
You feel better. You block the white imp's attack.
The iguana closely misses you. The iguana bites you.
* * * LOW HITPOINT WARNING * * *
The adder closely misses you.
You are confused.
You feel invigorated. The adder barely misses you. The iguana bites you.
* * * LOW HITPOINT WARNING * * *
The white imp gestures at you.
The puff of frost hits you but does no damage.
The iguana bites you.
* * * LOW HITPOINT WARNING * * *
The adder bites you but does no damage.
You closely miss the adder.
The adder is almost dead.
You hit the iguana. You closely miss the white imp.
You closely miss the iguana.
The iguana bites you but does no damage.
The iguana closely misses you. The white imp barely misses you.
The adder bites you but does no damage.
The iguana bites you but does no damage.
The white imp barely misses you. The iguana bites you!
* * * LOW HITPOINT WARNING * * *
You closely miss the white imp.
The white imp is moderately wounded.
You hit the iguana. You closely miss the adder. You miss the iguana.
The adder bites you.
* * * LOW HITPOINT WARNING * * *
The iguana bites you.
* * * LOW HITPOINT WARNING * * *
The iguana closely misses you. The white imp gestures at you.
The puff of frost hits you!
You die...

#..##.....
####.## ....
#.)..# ...
####.#### .. #
###....# . ..##
#...#### ....
#.### ###
####..#.##.....
#......@So.#
.$####l5l...#
#..........
#...........
#...........
.......<....
#....(.......
#.#..........


You could see 2 iguanas, an adder, a white imp and an orc.

Vanquished Creatures
  2 orc priests
  A hound (D:4)
  Terence (D:3)
  6 adders
  2 ufetubi (D:5)
  A worm (D:3)
  A dart slug (D:4)
  15 orcs
  2 endoplasms
  4 giant cockroaches
  8 goblins
  5 hobgoblins
  2 jackals (D:3)
  6 kobolds
  7 quokkas
  11 ball pythons
  4 bats
  4 frilled lizards
  6 rats
88 creatures vanquished.

Notes
Turn   | Place    | Note
-------+----------+-------------------------------------------
     0 | D:1      | qeuew the Hill Orc Fighter began the quest for the Orb.
     0 | D:1      | Reached XP level 1. HP: 19/19 MP: 1/1
   161 | D:1      | Reached XP level 2. HP: 23/27 MP: 2/2
   480 | D:1      | Found Celaikh's Book Shoppe.
   644 | D:1      | Reached XP level 3. HP: 33/33 MP: 3/3
  1267 | D:2      | Found a faded altar of an unknown god.
  1340 | D:2      | Reached skill level 1 in Dodging
  1567 | D:2      | Found a broken altar of Ashenzari.
  2208 | D:3      | Reached XP level 4. HP: 40/40 MP: 4/4
  2258 | D:3      | Found an ancient bone altar of Kikubaaqudgha.
  2459 | D:3      | Found a white marble altar of Elyvilon.
  2908 | D:3      | Noticed Terence
  2924 | D:3      | Killed Terence
  2925 | D:3      | Reached XP level 5. HP: 7/47 MP: 5/5
  3205 | D:3      | Found a basalt altar of Yredelemnul.
  3513 | D:4      | Found Caeneghoudgh's Magic Scroll Emporium.
  3521 | D:4      | Bought a scroll of identify for 22 gold pieces
  3521 | D:4      | Bought a scroll of enchant weapon for 82 gold pieces
  3942 | D:4      | Reached XP level 6. HP: 55/55 MP: 6/6
  4381 | D:5      | Entered Level 5 of the Dungeon
  4415 | D:5      | Killed from afar by a white imp

Illustrated notes

Levels and vault maps discovered:
D:1:      minmay_arrival_nine_rooms, layout_basic, serial_shops, shop_coins
D:2:      layout_basic, basic_altar, hellmonk_ecumenical_altar_zigzags,
          minmay_fractal_squares_5
D:3:      layout_basic, nicolae_overflow_crystal_walls, kennysheep_ying_yang,
          uniq_terence
D:4:      layout_basic, serial_shops, shop, minivault_24,
          minmay_misc_feat_ornament, moated_statue
D:5:      layout_rooms, cheibrodos_sewer_entry_sluice, uniq_menkaure

Skill      XL: |  1  2  3  4  5  6 |
---------------+-------------------+-----
Axes           | 3 4 |  4.3
Fighting       | 4 |  4.9
Dodging        | 1 2 |  2.0
Armour         | 4 |  4.4
Shields        | 4 |  4.3

Action                   |  1- 3 |  4- 6 || total
-------------------------+-------+-------++-------
Melee: War axe           |   103 |   159 ||   262
  Use: Scroll            |     5 |     5 ||    10
       Potion            |     4 |     5 ||     9
Armor: Scale mail        |    49 |    92 ||   141
Dodge: Dodged            |    75 |   110 ||   185
Block: Buckler           |    33 |    42 ||    75
